 Dungeon Crawl Stone Soup version 0.32-a0-5-gbffa963729 (webtiles) character file.

Game seed: 6088103551060683498

12269 Flugslaktarn the Fighter (level 11, -1/105 HPs)
             Began as a Minotaur Fighter on Jan 13, 2024.
             Was a High Priest of Okawaru.
             Killed from afar by an ironbound thunderhulk (13 damage)
             ... with a bolt of lightning
             ... summoned by a worldbinder
             ... on level 1 of the Abyss.
             The game lasted 00:07:35 (11286 turns).

Flugslaktarn the Fighter (Minotaur Fighter)        Turns: 11286, Time: 00:07:36

Health: -1/105     AC: 25    Str: 25    XL:     11   Next: 60%
Magic:  12/14      EV: 15    Int:  3    God:    Okawaru [*****.]
Gold:   468        SH:  8    Dex: 16    Spells: 10/10 levels left

rFire   + . .        F - +0 broad axe
rCold   . . .        c - +0 buckler
rNeg    . . .        u - +0 plate armour
rPois   .            j - +2 hat
rElec   .            x - +2 cloak {Will+}
rCorr   .            (no gloves)
SInv    .            r - +2 pair of boots
Will    +....        D - amulet of faith Stlth
                     f - +6 ring of dexterity
HPRegen 0.37/turn    v - +5 ring of evasion
MPRegen 0.14/turn

%: faith
@: heroic
A: horns 2, retaliatory headbutt, dopey 1, fire resistance 1, sense surroundings
1, inability to drink after injury 1
a: Renounce Religion, Heroism, Finesse, Duel


You were on level 1 of the Abyss.
You worshipped Okawaru.
Okawaru was extremely pleased with you.
You visited 2 branches of the dungeon, and saw 11 of its levels.
You visited the Abyss 2 times.

You collected 468 gold pieces.

Inventory:

Hand Weapons
 a - a +0 war axe
 F - a +0 broad axe (weapon)
   (You found it on level 8 of the Dungeon)
Armour
 b - a +0 scale mail
 c - a +0 buckler (worn)
 j - a +2 hat (worn)
   (You found it on level 5 of the Dungeon)
 r - a +2 pair of boots (worn)
   (You found it on level 9 of the Dungeon)
 u - a +0 plate armour (worn)
   (You took it off an orc warrior on level 9 of the Dungeon)
 x - a +2 cloak of willpower (worn)
   (You took it off Crazy Yiuf on level 2 of the Dungeon)
Jewellery
 f - a +6 ring of dexterity (left hand)
   (You found it on level 1 of the Dungeon)
 v - a +5 ring of evasion (right hand)
   (You found it on level 6 of the Dungeon)
 w - an amulet of guardian spirit
   (You found it on level 4 of the Dungeon)
 D - an amulet of faith (around neck)
   (You found it on level 5 of the Dungeon)
Scrolls
 l - a scroll of immolation {unknown}
 p - a scroll of revelation {unknown}
 s - a scroll of vulnerability {unknown}
 t - a scroll of teleportation
 y - a scroll of acquirement {unknown}
 z - a scroll of noise {unknown}
 E - a scroll of enchant weapon {unknown}
Potions
 d - a potion of might
 e - a potion of magic {unknown}
 g - a potion of lignification {unknown}
 h - a potion of ambrosia {unknown}
 k - a potion of enlightenment
 m - a potion of brilliance {unknown}
 o - a potion of cancellation
 B - a potion of invisibility {unknown}


   Skills:
 * Level 12.4(17.4) Fighting
 * Level 12.2(17.2) Axes
 + Level 9.5(14.5) Armour
 + Level 9.4(14.4) Shields
 + Level 6.5 Invocations


You had 10 spell levels left.
You didn't know any spells.
Your spell library contained the following spells:

 Spells                   Type           Power      Damage    Failure   Level
 Lesser Beckoning         Tloc           0%         N/A       100%        2
 Gell's Gravitas          Tloc           0%         N/A       100%        3
 Teleport Other           Tloc           0%         N/A       100%        3
 Volatile Blastmotes      Fire/Tloc      0%         2d10      100%        3
 Fulminant Prism          Conj/Alch      0%         3d5       100%        4
 Ignite Poison            Fire/Alch      0%         N/A       100%        4
 Iskenderun's Mystic Bla  Conj/Tloc      0%         2d3       100%        4
 Sticky Flame             Fire/Alch      0%         2d4       100%        4
 Ignition                 Fire           0%         3d3       100%        8


Dungeon Overview and Level Annotations

Branches:
Dungeon (10/15)            Temple (1/1) D:4             Orc (0/2) D:9
   Lair: D:8-11

Altars:
Ashenzari
Cheibriados
Dithmenos
Elyvilon
Fedhas
Gozag
Hepliaklqana
Kikubaaqudgha
Makhleb
Nemelex Xobeh
Okawaru
Qazlal
Sif Muna
Trog
Uskayaw
Vehumet
Wu Jian
Xom
Yredelemnul
Zin
The Shining One

Shops:
D:1 :   D:5 (

Annotations:
D:9 6 runed translucent doors, exclusion: orange crystal statue, Raspi's ghost, novice TrSh
D:10 Sonja


Innate Abilities, Weirdness & Mutations

You have a pair of horns on your head.
You reflexively headbutt those who attack you in melee.
You are dopey. (Int -2)
Your flesh is heat resistant. (rF+)
You passively map a small area around you.
You occasionally lose the ability to drink potions when taking damage.


Message History

You hit the raiju.
You hit the small abomination but do no damage.
You hear a bellow!
The raiju misses you.
A worldbinder comes into view.
The small abomination hits you!
The iron imp lashes its tail.
You miss the raiju.
The raiju is lightly wounded.
You slash the small abomination!
A harpy zombie comes into view.
The small abomination hits you but does no damage.
The raiju closely misses you.
You barely miss the small abomination.
The small abomination is heavily damaged.
You slash the raiju! The small abomination hits you.
The raiju barely misses you. You furiously retaliate!
You headbutt the raiju! You slash the raiju!
You kill the raiju!
Okawaru accepts your kill.
You slash the small abomination! You hit the iron imp.
The small abomination hits you but does no damage.
A ynoxinul comes into view.
The iron imp misses you. You furiously retaliate!
You headbutt the iron imp, but do no damage.
You slash the small abomination!
You destroy the small abomination!
Okawaru accepts your kill.
You slash the harpy zombie!
You hit the worldbinder but do no damage.
You hit the iron imp. The harpy zombie claws you!
The harpy zombie barely misses you. You block the worldbinder's attack.
The worldbinder misses you. You block the harpy zombie's attack.
The harpy zombie claws you but does no damage.
You hit the harpy zombie. You headbutt the harpy zombie!
The harpy zombie is moderately damaged.
You hit the worldbinder. You closely miss the ynoxinul.
You block the harpy zombie's attack. The harpy zombie misses you.
You block the worldbinder's attack.
The worldbinder hits you but does no damage.
The harpy zombie misses you.
The harpy zombie claws you but does no damage.
The worldbinder calls forth creatures from the Vaults!
You slice the harpy zombie!!
The harpy zombie is severely damaged.
You barely miss the worldbinder. You slash the ynoxinul!
The harpy zombie barely misses you. The harpy zombie claws you.
You block the harpy zombie's attack.
The harpy zombie claws you but does no damage.
The ynoxinul misses you. You furiously retaliate!
You headbutt the ynoxinul!
The worldbinder hits you but does no damage.
You block the worldbinder's attack. The harpy zombie barely misses you.
The harpy zombie claws you but does no damage.
You slash the worldbinder!
The worldbinder is heavily damaged.
You slash the ynoxinul! You hit the harpy zombie.
The harpy zombie claws you but does no damage.
You block the harpy zombie's attack. The worldbinder hits you.
The worldbinder closely misses you.
The ynoxinul gestures.
The harpy zombie claws you. The harpy zombie closely misses you.
The worldbinder hits you but does no damage.
You block the worldbinder's attack.
You slash the ynoxinul!
You kill the ynoxinul!
Okawaru accepts your kill.
The ufetubus disappears in a puff of smoke! x2
You slice the harpy zombie!!
You destroy the harpy zombie!
Okawaru accepts your kill.
You hit the worldbinder but do no damage.
The worldbinder hits you. The worldbinder closely misses you.
You hit the worldbinder but do no damage.
The worldbinder is heavily damaged.
You hit the iron imp.
The worldbinder calls forth creatures from the Vaults!
The iron imp hits you but does no damage.
You barely miss the worldbinder. You headbutt the worldbinder.
The worldbinder is heavily damaged.
You hit the iron imp but do no damage.
The worldbinder calls forth creatures from the Vaults!
The iron imp hits you but does no damage.
Electricity crackles from the ironbound thunderhulk's apparatus.
The bolt of lightning hits you!!!
* * * LOW HITPOINT WARNING * * *
The cyan very ugly thing disappears in a puff of smoke!
Strange energies crackle from the ironbound thunderhulk's apparatus.
The ironbound thunderhulk blinks!
Unknown command.
You aren't carrying any items that you can evoke.
Unknown command.
Okay, then.
You gain the combat prowess of a mighty hero.
Strange energies crackle from the ironbound thunderhulk's apparatus.
The ironbound thunderhulk blinks!
The worldbinder barely misses you. You furiously retaliate!
You headbutt the worldbinder! The worldbinder closely misses you.
Electricity crackles from the ironbound thunderhulk's apparatus.
The bolt of lightning hits you!
You die...

# .# ##. #
## ..#§ .#
.§# ..#
#h#...#
##x....#.#
..
#@5##....#
#. .##...#
..#
....#.O# #
..###.# ##
#.. O.# #x
##..# #.
#...## # #
#....# #..
#.# ..#


You could see 2 ironbound thunderhulks, a worldbinder, a raiju and an iron imp.

Vanquished Creatures
  A tentacled starspawn (Abyss:1)
  Erolcha (D:9)
  A two-headed ogre (D:9)
  2 thrashing horrors (Abyss:1)
  A sun demon (Abyss:1)
  Pikel (D:6)
  A worldbinder (Abyss:1)
  An apocalypse crab (Abyss:1)
  An unseen horror zombie (D:9)
  A harpy zombie (Abyss:1)
  3 raiju (Abyss:1)
  2 ynoxinuls (Abyss:1)
  5 yaks (D:10)
  A wyvern (D:8)
  A steam dragon (D:8)
  A neqoxec (Abyss:1)
  8 small abominations (Abyss:1)
  2 water moccasins (D:5)
  A sky beast (D:6)
  3 black bears
  2 ice beasts (D:6)
  An orc warrior (D:9)
  An ogre (D:5)
  2 centaurs
  2 phantoms
  2 kobold brigands
  A lemure (D:6)
  A bullfrog (D:9)
  3 scorpions
  3 wights (D:8)
  15 killer bees
  3 howler monkeys
  A bombardier beetle (D:5)
  Crazy Yiuf (D:2)
  4 hounds
  3 jellies
  2 gnoll boudas
  3 orc priests
  5 iguanas
  An iron imp (Abyss:1)
  Terence (D:2)
  13 orc wizards
  A howler monkey zombie (D:9)
  Robin (D:4)
  17 adders
  12 gnolls
  2 white imps
  4 ufetubi (D:5)
  3 dart slugs
  2 ribbon worms
  26 orcs
  9 ball pythons
  6 endoplasms
  A giant cockroach (D:4)
  5 hobgoblins
  5 jackals (D:3)
  18 kobolds
  3 quokkas
  3 bats
  2 frilled lizards
  16 goblins
  4 rats (D:3)
  2 starspawn tentacles (Abyss:1)
250 creatures vanquished.

Vanquished Creatures (others)
  A sky beast (D:8)
  2 starspawn tentacles (Abyss:1)
3 creatures vanquished.

Grand Total: 253 creatures vanquished

Notes
Turn   | Place    | Note
-------+----------+-------------------------------------------
     0 | D:1      | Flugslaktarn the Minotaur Fighter began the quest for the
                  | Orb.
     0 | D:1      | Reached XP level 1. HP: 19/19 MP: 0/0
    99 | D:1      | Found Wuwkem's Book Shop.
   191 | D:1      | Found a faded altar of an unknown god.
   294 | D:1      | Reached XP level 2. HP: 27/27 MP: 1/1
   867 | D:2      | Found an ornate altar of the Wu Jian Council.
   923 | D:2      | Reached XP level 3. HP: 33/33 MP: 2/2
  1044 | D:2      | Found a runed translucent door.
  1045 | D:2      | Noticed Crazy Yiuf
  1066 | D:2      | Reached XP level 4. HP: 35/41 MP: 3/3
  1213 | D:2      | Noticed Terence
  1220 | D:2      | Killed Terence
  1583 | D:2      | Reached XP level 5. HP: 44/47 MP: 4/4
  1865 | D:2      | Killed Crazy Yiuf
  1866 | D:2      | Reached skill level 5 in Fighting
  2960 | D:4      | Found a staircase to the Ecumenical Temple.
  2986 | Temple   | Entered the Ecumenical Temple
  3007 | Temple   | Became a worshipper of Warmaster Okawaru
  3045 | D:4      | Reached XP level 6. HP: 52/56 MP: 5/5
  3062 | D:4      | Found an opulent altar of Gozag.
  3164 | D:4      | Reached skill level 5 in Axes
  3322 | D:4      | Reached skill level 5 in Armour
  3392 | D:4      | Noticed Robin
  3397 | D:4      | Reached skill level 1 in Invocations
  3409 | D:4      | Killed Robin
  3494 | D:4      | Reached skill level 5 in Shields
  3535 | D:4      | Reached * piety under Okawaru
  3536 | D:4      | Reached XP level 7. HP: 39/63 MP: 6/6
  4345 | D:5      | Entered Level 5 of the Dungeon
  4611 | D:5      | HP: 2/64 [water moccasin (4)]
  4652 | D:5      | Found Pabukh's Antique Weapon Emporium.
  4881 | D:5      | Found a glowing silver altar of Zin.
  4891 | D:5      | Reached XP level 8. HP: 68/73 MP: 8/8
  5747 | D:6      | Reached ** piety under Okawaru
  5950 | D:6      | Noticed Pikel
  5968 | D:6      | Killed Pikel
  6140 | D:6      | Reached XP level 9. HP: 82/82 MP: 10/10
  6198 | D:6      | Found a shimmering altar of Xom.
  6312 | D:6      | Reached *** piety under Okawaru
  7214 | D:7      | Found a sparkling altar of Nemelex Xobeh.
  7787 | D:8      | Reached **** piety under Okawaru
  8056 | D:8      | Found a hide-covered altar of Uskayaw.
  8056 | D:8      | Found a radiant altar of Vehumet.
  8308 | D:8      | Found an ornate altar of the Wu Jian Council.
  8308 | D:8      | Found a white marble altar of Elyvilon.
  8347 | D:8      | Found a broken altar of Ashenzari.
  8853 | D:9      | Found a staircase to the Orcish Mines.
  8863 | D:9      | Noticed Erolcha
  8914 | D:9      | Gained mutation: You passively map a small area around you.
                  | [potion of mutation]
  8914 | D:9      | Gained mutation: You are dopey. (Int -2) [potion of
                  | mutation]
  8914 | D:9      | Gained mutation: You occasionally lose the ability to drink
                  | potions when taking damage. [potion of mutation]
  8914 | D:9      | Gained mutation: Your flesh is heat resistant. (rF+)
                  | [potion of mutation]
  8915 | D:9      | Reached skill level 10 in Fighting
  9171 | D:9      | Killed Erolcha
  9172 | D:9      | Reached XP level 10. HP: 65/93 MP: 10/12
  9221 | D:9      | Reached skill level 10 in Axes
  9268 | D:9      | Found a shadowy altar of Dithmenos.
  9311 | D:9      | Reached skill level 5 in Invocations
  9359 | D:9      | Found a runed translucent gate.
  9359 | D:9      | Found a runed translucent gate.
  9359 | D:9      | Found a runed translucent gate.
  9359 | D:9      | Noticed Raspi's ghost (novice TrSh)
  9361 | D:9      | Found a basalt altar of Yredelemnul.
  9395 | D:9      | Noticed a two-headed ogre
  9399 | D:9      | Found a runed translucent door.
  9409 | D:9      | Killed a two-headed ogre
  9409 | D:9      | Reached ***** piety under Okawaru
  9423 | D:9      | Received a gift from Okawaru
  9639 | D:9      | Found a runed translucent door.
  9667 | D:9      | Found a runed translucent door.
  9684 | D:9      | Found a runed translucent door.
 10021 | D:9      | Noticed an orange crystal statue
 10093 | D:10     | Entered Level 10 of the Dungeon
 10095 | D:10     | Noticed Sonja
 10122 | D:9      | HP: 4/94 [poisoned by Sonja (curare-tipped dart)]
 10400 | Abyss:1  | Cast into level 1 of the Abyss (Sonja)
 10553 | Abyss:1  | Found a corrupted altar of Lugonu.
 10578 | Abyss:1  | Noticed an orange demon
 10579 | Abyss:1  | Noticed a sixfirhy
 10592 | Abyss:1  | Noticed a sun demon
 10613 | Abyss:1  | Killed a sun demon
 10621 | Abyss:1  | Noticed a thrashing horror
 10635 | Abyss:1  | Killed a thrashing horror
 10638 | D:10     | Escaped the Abyss
 10773 | D:10     | Reached XP level 11. HP: 102/102 MP: 14/14
 10906 | Abyss:1  | Cast into level 1 of the Abyss (Sonja)
 10985 | Abyss:1  | Noticed a naga warrior
 10985 | Abyss:1  | Noticed a naga warrior
 10985 | Abyss:1  | Noticed a tentacled starspawn
 10993 | Abyss:1  | Killed a tentacled starspawn
 10994 | Abyss:1  | Noticed a brown very ugly thing
 11005 | Abyss:1  | Found a corrupted altar of Lugonu.
 11046 | Abyss:1  | Noticed a thrashing horror
 11063 | Abyss:1  | Killed a thrashing horror
 11063 | Abyss:1  | Received a gift from Okawaru
 11280 | Abyss:1  | Noticed a cyan very ugly thing
 11284 | Abyss:1  | Noticed an ironbound thunderhulk
 11285 | Abyss:1  | Noticed an ironbound thunderhulk
 11286 | Abyss:1  | Killed from afar by an ironbound thunderhulk

Illustrated notes

Levels and vault maps discovered:
D:1:      heliophobic_arrival_ceremonial_halls, layout_loops_ring,
          dreamdust_ecumenical_altar_statues, serial_shops, shop,
          hangedman_decor_points, dreamdust_mushroom_princess
D:2:      layout_rooms, basic_altar, serial_park_tiny_1, minivault_23,
          minmay_misc_feat_enclosed, dk_noncrumbling_2, interstate_on_off,
          minmay_snake_closets, uniq_crazy_yiuf_cottage, uniq_terence
D:3:      layout_loops_ring, nicolae_eternal_life
D:4:      layout_basic, nicolae_gozag_cash_rules_everything_around_me,
          minmay_temple_entry_junction, portal_sewer_entry_e, uniq_robin
D:5:      layout_loops_cross, kennysheep_little_box, minmay_shop_grid_forest,
          corner_web_ring
D:6:      layout_cave_pods, mainiacjoe_overflow_catwalk, skrybe_limestone_x,
          uniq_pikel
D:7:      layout_basic, nemelex_spade_bored_becter
D:8:      hellmonk_crumbling_castle, layout_rooms,
          gammafunk_temple_overflow_wave, nicolae_ashenzari_panopticon,
          chequers_temple_overflow_statue_of_worship, kennysheep_generic_room_11
D:9:      layout_rooms, nicolae_yredelemnul_ghost_church, old_standard_altar,
          minmay_statue_crystal_thing, uniq_erolcha
D:10:     layout_basic, nicolae_ru_path_of_blood, serial_shops, shop_coins,
          uniq_urug, uniq_sonja
Temple:   dpeg_chambers_temple
Abyss:1:  base: D:2, evilmike_abyss_exit_mutagenic, base:
D:1

Skill      XL: |  1  2  3  4  5  6  7  8  9 10 11 |
---------------+----------------------------------+-----
Fighting       | 4 5 6 7 8 10 11 12 | 12.4
Axes           | 3 4 5 6 8 9 11 12 | 12.2
Armour         | 4 5 6 7 8 9 |  9.5
Shields        | 4 5 6 7 8 9 |  9.4
Invocations    | 1 2 3 4 5 6 |  6.5

Action                     |  1- 3 |  4- 6 |  7- 9 | 10-12 || total
---------------------------+-------+-------+-------+-------++-------
  Melee: War axe           |    40 |   155 |   260 |       ||   455
         Headbutt          |     6 |    25 |    38 |    39 ||   108
         Broad axe         |       |       |    44 |   188 ||   232
 Invoke: Heroism           |       |       |     3 |     6 ||     9
    Use: Potion            |       |     1 |     8 |     3 ||    12
         Scroll            |       |       |    10 |     3 ||    13
 Armour: Scale mail        |    16 |       |       |       ||    16
         Chain mail        |    10 |   137 |   273 |    57 ||   477
         Plate armour      |       |       |       |   128 ||   128
  Dodge: Dodged            |    21 |    60 |   188 |   135 ||   404
  Block: Buckler           |     7 |    40 |    93 |    90 ||   230

Table legend: (Time is in decaauts)
 A = Elapsed time spent in this place.
 B = Non-inter-level travel time spent in this place.
 C = Inter-level travel time spent in this place.
 D = Time resting spent in this place.
 E = Time spent auto-exploring this place.
 F = Levels seen in this place.
 G = Mean time per level.
                   A        B        C        D        E       F      G
               +--------+--------+--------+--------+--------+-----+--------+
         Total |  11400 |  10948 |    452 |   1372 |   7810 |  13 |  876.9 |
       Dungeon |  10741 |  10329 |    412 |   1357 |   7441 |  10 | 1074.1 |
        Temple |     42 |      2 |     40 |      0 |      0 |   1 |   42.0 |
         Abyss |    616 |    616 |      0 |     15 |    369 |   2 |  308.0 |
               +--------+--------+--------+--------+--------+-----+--------+

Top non-repeatable levels by time:
     D:9: 1477 daAuts
     D:8: 1410 daAuts
     D:4: 1376 daAuts
     D:5: 1306 daAuts
     D:2: 1087 daAuts
     D:3: 1057 daAuts
     D:6: 1043 daAuts
     D:7: 953 daAuts
     D:1: 849 daAuts
 Abyss:1: 616 daAuts
    D:10: 179 daAuts
  Temple: 42 daAuts
